 Dungeon Crawl Stone Soup version 0.30-a0-777-ga9a30cbeda (webtiles) character file.

Game seed: 18226974651469366486

106 mopl the Insei (level 5, -1/37 HPs)
             Began as a Djinni Transmuter on Feb 13, 2023.
             Slain by a gnoll
             ... wielding a +0 halberd
              (14 damage)
             ... on level 2 of the Dungeon.
             The game lasted 00:01:56 (1417 turns).

mopl the Insei (Djinni Transmuter)                  Turns: 1417, Time: 00:01:57

Health: -1/37      AC:  2    Str: 11    XL:     5   Next: 10%
Gold:   19         EV: 12    Int: 12    God:
                   SH:  0    Dex: 13

rFire   + + +      SeeInvis .    l - +8 quarterstaff of Quick Death {flame, rF+ rN+ Int-3}
rCold   x . .      Faith    .    (shield currently unavailable)
rNeg    + . .      Spirit   .    a - +0 robe
rPois   ∞          Reflect  .    (no helmet)
rElec   .          Harm     .    (no cloak)
rCorr   +          Rampage  .    (no gloves)
Will    .....                    (boots unavailable)
Stlth   +                        (no amulet)
HPRegen 0.26/turn                i - ring of resist corrosion
MPRegen 0.00/turn                (no ring)

@: flying
A: sickness immunity, fire resistance 2, cold vulnerability 1, float, innate
caster, HP casting, extra vitality 1
a: no special abilities


You were on level 2 of the Dungeon.
You visited 1 branch of the dungeon, and saw 2 of its levels.

You collected 19 gold pieces.

Inventory:

Hand Weapons
 l - the +8 quarterstaff of Quick Death (weapon) {flame, rF+ rN+ Int-3}
   (You found it on level 2 of the Dungeon)

   Int:       It affects your intelligence (-3).
   rF:        It protects you from fire.
   rN:        It protects you from negative energy.
Armour
 a - a +0 robe (worn)
Jewellery
 i - a ring of resist corrosion (left hand)
Scrolls
 g - a scroll of immolation {unknown}
 h - a scroll of identify {unknown}
 j - a scroll of fear {unknown}
 m - a scroll of blinking {unknown}
Potions
 b - a potion of lignification {!q}
 c - 2 potions of curing {unknown}
 d - a potion of cancellation {unknown}
 e - a potion of degeneration {unknown}
 f - a potion of haste {unknown}
 k - a potion of magic {unknown}


   Skills:
 - Level 1.0 Fighting
 - Level 2.1 Dodging
 * Level 4.7 Unarmed Combat
 + Level 2.4 Spellcasting


You couldn't memorise any spells.
You knew the following spells:

 Your Spells              Type           Power      Damage    Failure   Level
a - Beastly Appendage     Tmut           14%        N/A       10%         1
b - Spider Form           Tmut/Pois      7%         N/A       28%         3
c - Summon Small Mammal   Summ           28%        N/A       10%         1
d - Ice Form              Ice/Tmut       7%         N/A       67%         4
e - Ensorcelled Hibernat  Hex/Ice        14%        N/A       14%         2
w - Wereblood             Tmut           7%         N/A       14%         2
Your spell library was empty.

Dungeon Overview and Level Annotations

Branches:
Dungeon (2/15)

Altars:


Innate Abilities, Weirdness & Mutations

You are immune to sickness and miasma.
You are immune to poison.
Your flesh is very heat resistant. (rF++)
You are vulnerable to cold. (rC-)
You float through the air rather than walking.
You learn spells naturally, not from books.
Your magical power is your life essence.
You have superior vitality. (+4 MHP)


Message History

There is a stone staircase leading up here.
Casting: Spider Form (quite dangerous; 28% risk of failure)
Confirm with . or Enter, or press ? or * to list all spells.
The spell is quite dangerous to miscast (28% risk of failure)!
Continue anyway?
You turn into a venomous arachnid creature.
The +8 quarterstaff of Quick Death {flame, rF+ rN+ Int-3} melds into your body.
Your +0 robe melds into your body.
The +8 quarterstaff of Quick Death {flame, rF+ rN+ Int-3} stops flaming.
The gnoll hits you with a +1 heavy spear!
There is a stone staircase leading up here.
The gnoll hits you with a +1 heavy spear!
* * * LOW HITPOINT WARNING * * *
You fly upwards.
There is a stone staircase leading down here.
You bite the gnoll!
The gnoll is poisoned.
The gnoll is severely wounded.
You hit the gnoll.
You kill the gnoll!
You have reached level 5!
The power to cast Ensorcelled Hibernation wells up from within.
Spell assigned to 'e'.
You see here a +1 heavy spear.
You start resting.
Your transformation has ended.
The +8 quarterstaff of Quick Death {flame, rF+ rN+ Int-3} unmelds from your body.
Your +0 robe unmelds from your body.
The +8 quarterstaff of Quick Death {flame, rF+ rN+ Int-3} bursts into flame!
You start resting.
HP restored.
There is a stone staircase leading down here.
You fly downwards.
The gnoll hits you with a +0 whip! The gnoll hits you with a +0 whip.
There is a stone staircase leading up here.
You hit the gnoll. You burn the gnoll.
The gnoll is heavily wounded.
The gnoll barely misses you. The gnoll hits you with a +0 whip.
You sock the gnoll! You burn the gnoll.
You kill the gnoll!
The gnoll hits you from afar with a +0 halberd! x2
You die...

.......#.#..###.###.#.....# #.#
..†...###..........######.# #.#
.####..#..............# #.# #.#
.# #.......#########.# #.# #.#
(# #......)#########.###<# #.#
.####.....................###.#
............####..............#
#.###.#####.# #.####.#########
##.##...###.# #@# #.#
#.####.#.##.# #)# #.#
.####.###.#.####g## #.# ##...##
##...##...###.#
##.##.###.#..)........#
#.###.#>##..##...##### #.#
##.###..###.## #.# #.#
#..##...###############
#.####.#
##.#........g.g........


You could see a gnoll.

Vanquished Creatures
  Terence (D:2)
  3 gnolls
  3 adders (D:2)
  2 dart slugs (D:2)
  A bat (D:1)
  5 endoplasms
  2 giant cockroaches (D:1)
  A goblin (D:2)
  3 hobgoblins
  6 kobolds
  A quokka (D:2)
  4 ball pythons
  A frilled lizard (D:1)
  3 rats
36 creatures vanquished.

Notes
Turn   | Place    | Note
-------+----------+-------------------------------------------
     0 | D:1      | mopl the Djinni Transmuter began the quest for the Orb.
     0 | D:1      | mopl set off with the following spells memorised: Beastly
                  | Appendage, Wereblood, Spider Form, Ice Form.
     0 | D:1      | Reached XP level 1. HP: 17/17 MP: 0/0
   180 | D:1      | Reached XP level 2. HP: 18/22 MP: 0/0
   515 | D:1      | Reached XP level 3. HP: 27/27 MP: 0/0
   515 | D:1      | Learned a level 1 spell: Summon Small Mammal
   809 | D:2      | Noticed Terence
   813 | D:2      | Reached skill level 2 in Spellcasting
   820 | D:2      | Killed Terence
   821 | D:2      | Reached skill level 4 in Unarmed Combat
   906 | D:2      | Reached XP level 4. HP: 32/32 MP: 0/0
   968 | D:2      | Identified the +8 quarterstaff of Quick Death {flame, rF+
                  | rN+ Int-3}
  1303 | D:1      | Reached XP level 5. HP: 8/37 MP: 0/0
  1303 | D:1      | Learned a level 2 spell: Ensorcelled Hibernation
  1417 | D:2      | Slain by a gnoll

Illustrated notes

Levels and vault maps discovered:
D:1:      dpeg_arrival_ternary, layout_basic
D:2:      layout_loops_ring, chequers_garden, grunt_decor_arrowhead,
          uniq_terence

Skill      XL: |  1  2  3 |
---------------+----------+-----
Spellcasting   | 2 |  2.4
Unarmed Combat | 4 |  4.7
Fighting       | |  1.0
Dodging        | |  2.1

Action                     |  1- 3 |  4- 6 || total
---------------------------+-------+-------++-------
  Melee: Unarmed           |    64 |    17 ||    81
         Headbutt          |    11 |     1 ||    12
         Punch             |     1 |       ||     1
         Quarterstaff      |       |    15 ||    15
   Cast: Beastly Appendage |    13 |     2 ||    15
         Spider Form       |     1 |     2 ||     3
 Armour: Robe              |     7 |     3 ||    10
  Dodge: Dodged            |    38 |    23 ||    61

Table legend: (Time is in decaauts)
 A = Elapsed time spent in this place.
 B = Non-inter-level travel time spent in this place.
 C = Inter-level travel time spent in this place.
 D = Time resting spent in this place.
 E = Time spent auto-exploring this place.
 F = Levels seen in this place.
 G = Mean time per level.
                   A        B        C        D        E       F      G
               +--------+--------+--------+--------+--------+-----+--------+
         Total |   1415 |   1385 |     30 |    222 |    873 |   2 |  707.5 |
       Dungeon |   1415 |   1385 |     30 |    222 |    873 |   2 |  707.5 |
               +--------+--------+--------+--------+--------+-----+--------+

Top non-repeatable levels by time:
     D:1: 916 daAuts
     D:2: 499 daAuts
